 Dungeon Crawl Stone Soup version 0.28-a0-1395-g4f6bc678fa (webtiles) character file.

Game seed: 5546574359157803655

30 tilp the Chiller (level 3, 14/14 HPs)
             Began as a Felid Ice Elementalist on Jan 4, 2022.
             Quit the game on level 3 of the Dungeon.
             The game lasted 00:05:07 (3836 turns).

tilp the Chiller (Felid Ice Elementalist)           Turns: 3836, Time: 00:05:08

Health: 14/14      AC:  1    Str:  4    XL:     3   Next: 3%
Magic:  8/8        EV: 17    Int: 18    God:
Gold:   109        SH:  0    Dex: 16    Spells: 0/7 levels left
                                        Lives:  0   Deaths: 1

rFire   . . .      SeeInvis +   (weapon unavailable)
rCold   . . .      Faith    .   (shield unavailable)
rNeg    . . .      Spirit   .   (armour unavailable)
rPois   .          Reflect  .   (helmet unavailable)
rElec   .          Harm     .   (cloak unavailable)
rCorr   .          Rampage  .   (gloves unavailable)
Will    .....                   (boots unavailable)
Stlth   ++........              (no amulet)
HPRegen 0.04/turn               (no ring)
MPRegen 0.11/turn               (no ring)

@: quick
A: very small, claws 1, fangs 3, see invisible, speed 1, shaggy fur 1, stealthy
paws, no weapons or thrown items, no armour, multi-lived
a: no special abilities


You were on level 3 of the Dungeon.
You visited 1 branch of the dungeon, and saw 3 of its levels.

You collected 109 gold pieces.

Inventory:

Wands
 g - a wand of iceblast (13)
 l - a wand of digging (4)
Scrolls
 d - 3 scrolls of blinking
 f - 2 scrolls of fog
 j - a scroll of torment {unknown}
Potions
 a - a potion of resistance {unknown}
 b - a potion of cancellation {unknown}
 c - 2 potions of curing {unknown}
 e - a potion of attraction {unknown}
 h - a potion of lignification {unknown}
 i - a potion of haste {unknown}
 k - a potion of degeneration {unknown}


   Skills:
 - Level 2.6 Dodging
 - Level 2.6 Stealth
 + Level 2.8 Spellcasting
 * Level 4.7 Ice Magic


You couldn't memorise any spells.
You knew the following spells:

 Your Spells              Type           Power      Damage    Failure   Level
a - Freeze                Ice            76%        1d9       2%          1
b - Frozen Ramparts       Ice            38%        1d5       8%          3
c - Ozocubu's Armour      Ice            19%        N/A       8%          3

Your spell library contained the following spells:

 Spells                   Type           Power      Damage    Failure   Level
 Corpse Rot               Necr/Air       4%         N/A       26%         2
 Static Discharge         Conj/Air       2%         N/A       26%         2
 Hailstorm                Conj/Ice       11%        3d5       54%         4
 Dispel Undead            Necr           2%         3d7       86%         4
 Sticky Flame             Conj/Fire      2%         2d3       86%         4
 Death Channel            Necr           1%         N/A       100%        6


Dungeon Overview and Level Annotations

Branches:
Dungeon (3/15)

Altars:
Qazlal
Xom
Yredelemnul

Shops:
D:3 (

Annotations:
D:2 exclusions: ogre and rat


Innate Abilities, Weirdness & Mutations

You have sharp claws.
You have razor-sharp teeth.
You have supernaturally acute eyesight. (SInv)
You cover ground quickly. (Speed+)
You are covered in fur. (AC +1)
Your paws help you pounce on unaware monsters.
You are incapable of wielding weapons or throwing items.
You cannot wear armour.
You gain extra lives every three experience levels.


Message History

You are not religious.
Unknown command.
Casting: Frozen Ramparts (extremely dangerous; 8% risk of failure)
Confirm with . or Enter, or press ? or * to list all spells.
Aiming: Freeze (safe; 2% risk of failure)
Press: ? - help, Shift-Dir - straight line, f - jelly
Aim: a jelly (wandering, hasn't noticed you)
You freeze the jelly.
The jelly quivers.
The jelly is lightly wounded.
The jelly hits you. The acid corrodes you!
You are splashed with acid!
Ouch! That really hurt!
* * * LOW HITPOINT WARNING * * *
Casting: Freeze (safe; 2% risk of failure)
Confirm with . or Enter, or press ? or * to list all spells.
Aiming: Freeze (safe; 2% risk of failure)
Press: ? - help, Shift-Dir - straight line, f/p - jelly
Aim: a jelly (lightly wounded)
You freeze the jelly.
The jelly is lightly wounded.
The jelly misses you.
Unknown command.
Casting: Freeze (safe; 2% risk of failure)
Confirm with . or Enter, or press ? or * to list all spells.
Aiming: Freeze (safe; 2% risk of failure)
Press: ? - help, Shift-Dir - straight line, f/p - jelly
Aim: a jelly (lightly wounded)
You freeze the jelly!
The jelly is heavily wounded.
The jelly hits you.
* * * LOW HITPOINT WARNING * * *
You are splashed with acid!
You die...
You are now level 3!
You rejoin the land of the living...
Unknown command.
Unknown command.
Unknown command.
Unknown command.
Are you sure you want to abandon this character and quit the game? (Confirm with "yes".)

#.#.....#........#
#.
.....#####.####.###
#. ###.#. #.# ##.##
#####. #.#. #.#
#...#######..... #.#
#........>..###. #.#
#....######## #. #.#
#....# #. #.######.#
#. #..@# #.# #.
#.#.# #.# #. #...#
#.# .. #.∩.# #.#
#...# #.# ## #.#.#
#.###.# ###.
#...####.....####...
##.......######.....
##.####.# #......


There were no monsters in sight!

Vanquished Creatures
  3 gnolls (D:3)
  A worm (D:2)
  A bat skeleton (D:2)
  3 endoplasms
  3 giant cockroaches
  3 hobgoblins
  3 ball pythons
  7 bats
  4 frilled lizards
  2 goblins
  6 kobolds
  6 rats
42 creatures vanquished.

Notes
Turn   | Place    | Note
-------+----------+-------------------------------------------
     0 | D:1      | tilp the Felid Ice Elementalist began the quest for the
                  | Orb.
     0 | D:1      | Reached XP level 1. HP: 7/7 MP: 4/4
    43 | D:1      | Found a faded altar of an unknown god.
   579 | D:1      | Reached XP level 2. HP: 11/11 MP: 3/6
   682 | D:1      | Reached skill level 4 in Ice Magic
  1649 | D:2      | Noticed an ogre
  2099 | D:2      | Reached XP level 3. HP: 14/14 MP: 5/7
  2110 | D:2      | Learned a level 3 spell: Frozen Ramparts
  2828 | D:3      | Found a stormy altar of Qazlal.
  2831 | D:3      | Found a basalt altar of Yredelemnul.
  3005 | D:3      | Found a shimmering altar of Xom.
  3575 | D:3      | Reached XP level 4. HP: 18/18 MP: 5/9
  3579 | D:3      | Learned a level 3 spell: Ozocubu's Armour
  3706 | D:3      | Found Musou's Weapon Boutique.
  3835 | D:3      | Splashed by a jelly's acid
  3836 | D:3      | Reached XP level 3. HP: -6/14 MP: 6/8
  3836 | D:3      | Quit the game

Illustrated notes

Levels and vault maps discovered:
D:1:      scummos_arrival_forest, layout_loops_ring, basic_ecumenical_altar,
          chequers_serial_rivers_large_b, hex_large
D:2:      layout_basic, minmay_fractal_squares_gapless_5
D:3:      layout_loops_ring, dk_xom_monty_hall, grunt_temple_overflow_open,
          serial_shops, nicolae_shop_stone, kennysheep_generic_room_12

Skill      XL: |  1  2 |
---------------+-------+-----
Ice Magic      | 4 |  4.7
Dodging        | |  2.6
Stealth        | |  2.6
Spellcasting   | |  2.8

Action                   |  1- 3 |  4- 6 || total
-------------------------+-------+-------++-------
Melee: Unarmed           |    22 |     5 ||    27
       Bite              |     1 |     1 ||     2
 Cast: Freeze            |    32 |     4 ||    36
       Frozen Ramparts   |     4 |     2 ||     6
  Use: Scroll            |     7 |       ||     7
 Stab: Sleeping          |    14 |       ||    14
Armor: Skin              |     4 |       ||     4
Dodge: Dodged            |    32 |     6 ||    38

Table legend: (Time is in decaauts)
 A = Elapsed time spent in this place.
 B = Non-inter-level travel time spent in this place.
 C = Inter-level travel time spent in this place.
 D = Time resting spent in this place.
 E = Time spent auto-exploring this place.
 F = Levels seen in this place.
 G = Mean time per level.
                   A        B        C        D        E       F      G
               +--------+--------+--------+--------+--------+-----+--------+
         Total |   3468 |   3421 |     47 |    982 |   2028 |   3 | 1156.0 |
       Dungeon |   3468 |   3421 |     47 |    982 |   2028 |   3 | 1156.0 |
               +--------+--------+--------+--------+--------+-----+--------+

Top non-repeatable levels by time:
     D:2: 1782 daAuts
     D:1: 994 daAuts
     D:3: 691 daAuts
